 Dungeon Crawl Stone Soup version 0.31-a0-1547-g618ab1f346 (webtiles) character file.

Game seed: 10264320113536128190

7172 Flugslaktarn the Artisan of Death (level 11, -5/61 HPs)
             Began as an Octopode Alchemist on Jan 3, 2024.
             Was a Priest of Kikubaaqudgha.
             Slain by an unseen horror (6 damage)
             ... on level 11 of the Dungeon.
             The game lasted 00:16:07 (6620 turns).

Flugslaktarn the Artisan of Death (OpAl)            Turns: 6620, Time: 00:16:08

Health: -5/61      AC:  1    Str:  7    XL:     11   Next: 11%
Magic:  6/24       EV: 13    Int: 22    God:    Kikubaaqudgha [***...]
Gold:   418        SH:  5    Dex: 13    Spells: 6/28 levels left

rFire   + . .        D - +2 dagger (elec)
rCold   . . .        (no shield)
rNeg    . . .        (helmet restricted)
rPois   +            m - amulet of reflection
rElec   .            o - ring of poison resistance
rCorr   .            f - ring of protection from fire
SInv    .            (no ring)
Will    .....        (no ring)
Stlth   +++          (no ring)
HPRegen 0.30/turn    (no ring)
MPRegen 0.19/turn    (no ring)
                     (no ring)

%: reflection
@: lethally poisoned (-5 -> -8)
A: almost no armour, amphibious, 8 rings, camouflage 1, gelatinous body 1,
(nimble swimmer 1), tentacles
a: Renounce Religion, Unearth Wretches


You were on level 11 of the Dungeon.
You worshipped Kikubaaqudgha.
Kikubaaqudgha was most pleased with you.
You visited 2 branches of the dungeon, and saw 13 of its levels.
You also visited: Sewer, Ossuary and Bailey.

You collected 418 gold pieces.

Inventory:

Hand Weapons
 e - a +0 dagger
   (You took it off a kobold on level 2 of the Dungeon)
 j - a +3 dagger of freezing
   (You took it off a kobold on level 3 of the Dungeon)
 D - a +2 dagger of electrocution (weapon)
   (You took it off an orc wizard on level 6 of the Dungeon)
Armour
 C - an orb of energy
   (You found it on level 6 of the Dungeon)
Jewellery
 f - a ring of protection from fire (right tentacle)
   (You found it on level 6 of the Dungeon)
 m - an amulet of reflection (around mantle)
   (You found it on level 3 of the Dungeon)
 o - a ring of poison resistance (left tentacle)
   (You found it on level 4 of the Dungeon)
Talismans
 H - a serpent talisman
   (You found it on level 8 of the Dungeon)
Wands
 E - a wand of paralysis (12)
   (You found it on level 6 of the Dungeon)
Scrolls
 b - 2 scrolls of poison
 i - 2 scrolls of fog
 k - a scroll of butterflies
 n - 2 scrolls of revelation
 p - a scroll of vulnerability
 v - a scroll of silence
 y - a scroll of brand weapon {unknown}
 z - a scroll of blinking
 B - a scroll of fear {unknown}
 F - a scroll of enchant weapon
 I - a scroll of torment {unknown}
Potions
 a - a potion of magic
 c - a potion of lignification
 d - a potion of brilliance {unknown}
 g - 2 potions of cancellation
 h - 2 potions of haste
 l - 2 potions of resistance {unknown}
 s - 4 potions of heal wounds {unknown}
 u - a potion of enlightenment {unknown}
 w - 3 potions of mutation
 x - 3 potions of invisibility {unknown}
 A - a potion of attraction {unknown}
 G - 3 potions of berserk rage {unknown}


   Skills:
 - Level 0.1 Fighting
 - Level 2.0 Dodging
 - Level 2.8 Stealth
 + Level 9.3 Spellcasting
 - Level 1.0 Conjurations
 - Level 10.0 Necromancy
 - Level 4.0 Fire Magic
 + Level 4.7 Earth Magic
 - Level 8.0 Alchemy


You had 6 spell levels left.
You knew the following spells:

 Your Spells              Type           Power      Damage    Failure   Level
a - Sting                 Conj/Alch      100%       1d9       1%          1
b - Olgreb's Toxic Radia  Alch           45%        N/A       2%          4
c - Sticky Flame          Fire/Alch      36%        2d8       5%          4
d - Animate Dead          Necr           53%        N/A       1%          4
e - Borgnjor's Vile Clut  Necr/Erth      21%        N/A       9%          5
f - Ignite Poison         Fire/Alch      36%        N/A       5%          4

Your spell library contained the following spells:

 Spells                   Type           Power      Damage    Failure   Level
 Necrotise                Necr           100%       1d9       1%          1
 Cigotuvi's Dreadful Rot  Necr/Alch/Air  72%        N/A       1%          2
 Mercury Vapours          Alch/Air       54%        N/A       1%          2
 Sublimation of Blood     Necr           53%        N/A       1%          2
 Fugue of the Fallen      Necr           53%        N/A       1%          3
 Dispel Undead            Necr           53%        3d19      1%          4
 Mephitic Cloud           Conj/Alch/Air  23%        N/A       5%          3
 Anguish                  Hex/Necr       16%        N/A       9%          4
 Death Channel            Necr           26%        N/A       16%         6
 Tukima's Dance           Hex            10%        N/A       19%         3
 Yara's Violent Unravell  Hex/Alch       13%        3d7       34%         5
 Passage of Golubria      Tloc           10%        N/A       54%         4
 Haunt                    Necr/Summ      16%        N/A       100%        7
 Ignition                 Fire           13%        3d6       100%        8
 Infestation              Necr           26%        N/A       100%        8


Dungeon Overview and Level Annotations

Branches:
Dungeon (12/15)            Temple (1/1) D:4           Sewer (visited)
Ossuary (visited)          Bailey (visited)
   Lair: D:8-11         Orc: D:9-12

Altars:
Ashenzari
Cheibriados
Dithmenos
Elyvilon
Fedhas
Gozag
Hepliaklqana
Kikubaaqudgha
Makhleb
Nemelex Xobeh
Okawaru
Qazlal
Ru
Trog
Uskayaw
Vehumet
Wu Jian
Xom
Yredelemnul
Zin

Shops:
D:4 =   D:12 :

Annotations:
D:6 Sigmund
D:9 Maggie
D:12 exclusion: slime creature


Innate Abilities, Weirdness & Mutations

You cannot wear most types of armour.
You are amphibious.
You can wear up to eight rings at the same time.
Your skin changes colour to match your surroundings (Stealth+).
Your rubbery body absorbs attacks. (AC +1, EV +1)
((You are camouflaged when in or above water. (Stealth+)))
You have tentacles for arms and can constrict up to eight enemies at once.


Message History

Confirm with . or Enter, or press ? or * to list all spells.
You ignite the poison in your surroundings!
The yak seems to burn from within!!!
You kill the yak!
Kikubaaqudgha accepts your kill.
The gnoll seems to burn from within!
You kill the gnoll!
Kikubaaqudgha accepts your kill.
The gnoll seems to burn from within!!!
You kill the gnoll!
Kikubaaqudgha accepts your kill.
The yak seems to burn from within!!
The yak is severely wounded.
The yak seems to burn from within!!!
You kill the yak!
Kikubaaqudgha accepts your kill.
The gnoll sergeant seems to burn from within!
The gnoll sergeant is severely wounded.
The yak seems to burn from within!!
The yak is severely wounded.
The gnoll sergeant is poisoned.
The yak is poisoned. x2
Your Spellcasting skill increases to level 9!
You have reached level 11!
The gnoll sergeant looks even sicker.
The yak looks even sicker.
Your toxic aura wanes.
You kill the gnoll sergeant!
Kikubaaqudgha accepts your kill.
Your Earth Magic skill increases to level 4!
You see here a yak corpse.
The yak closely misses you.
You hit the yak.
The yak is almost dead.
You kill the yak!
Kikubaaqudgha accepts your kill. The yak barely misses you.
You hit the yak. Lightning courses through the yak!
You kill the yak!
Kikubaaqudgha accepts your kill.
No target in view!
r - 2 scrolls of identify (gained 1)
Things that are here:
a +0 spear; a yak corpse
Things that are here:
a +0 whip; a gnoll corpse
Items here: )) [ †.
Things that are here:
a +0 halberd; a gnoll corpse A scorpion comes into view.
Found a twisted dagger.
Okay, then.
Casting: Ignite Poison (dangerous; 5% risk of failure)
Confirm with . or Enter, or press ? or * to list all spells.
You begin to radiate toxic energy.
The scorpion is poisoned.
The scorpion looks even sicker.
Your toxic aura wanes.
You kill the scorpion!
Kikubaaqudgha accepts your kill.
No target in view!
Okay, then.
As you read the scroll of identify, it crumbles to dust.
s - a scroll of blinking;
z - a scroll of blinking;
s - 4 orange potions
As you read the scroll of identify, it crumbles to dust.
v - a scroll of silence As you open the door, it creaks loudly!
A hornet comes into view.
The hornet buzzes angrily.
Something barely misses you. Something hits you.
Deactivating autopickup; reactivate with Ctrl-A.
There is an open door, spattered with blood here.
Casting: Olgreb's Toxic Radiance (dangerous; 2% risk of failure)
Confirm with . or Enter, or press ? or * to list all spells.
You begin to radiate toxic energy.
The hornet is poisoned.
The hornet looks even sicker.
Something hits you.
Casting: Olgreb's Toxic Radiance (dangerous; 2% risk of failure)
Confirm with . or Enter, or press ? or * to list all spells.
Aiming: Sting (safe; 1% risk of failure)
Press: ? - help, Shift-Dir - straight line, f - hornet
Aim: a hornet (lightly wounded, very poisoned, 66% to hit)
The sting hits the hornet but does no damage.
The hornet looks even sicker.
The hornet is lightly wounded.
The hornet looks as sick as possible!
The hornet stings you. Something hits you! The hornet stings you!
You are poisoned.
Casting: Sting (safe; 1% risk of failure)
Confirm with . or Enter, or press ? or * to list all spells.
You ignite the poison in your surroundings!
Something seems to burn from within!!
The hornet seems to burn from within!!!
You kill the hornet!
Kikubaaqudgha accepts your kill.
You feel sick. Something hits you!
* * * LOW HITPOINT WARNING * * *
Your toxic aura wanes.
You feel sick.
You feel sick. Something hits you!
* * * LOW HITPOINT WARNING * * *
Something barely misses you. Something hits you.
You die...
Kikubaaqudgha rasps: "You have failed me!
Welcome... death!"

#...)....#
#..).....#
#........#
#........#
#........#
#........#
###.######
#.....#
#####@#
#.# #'#
#.......#
+.......#
#.......#
#.......#
#.......#
#.......#


There were no monsters in sight!

Vanquished Creatures
  A boulder beetle (D:12)
  A two-headed ogre (D:9)
  Pikel (D:6)
  A gargoyle (Bailey)
  An unseen horror (D:12)
  A hornet (D:11)
  A shadow (D:11)
  A slime creature (D:12)
  4 yaks (D:11)
  A vampire (Bailey)
  A water moccasin (D:7)
  An ice beast (D:6)
  A black bear (D:4)
  2 orc warriors
  3 sky beasts (D:7)
  2 centaurs
  2 phantoms (D:6)
  A lemure (D:6)
  3 kobold brigands
  A gnoll sergeant (D:11)
  3 scorpions
  6 water moccasin zombies (Ossuary)
  A burial acolyte (Ossuary)
  4 wights
  5 killer bees (D:9)
  3 howler monkeys
  7 vampire bats (Bailey)
  6 wolf zombies (Bailey)
  2 bombardier beetles
  2 spectral scorpions (Ossuary)
  3 orc priests (D:8)
  3 hounds
  A jelly (D:6)
  A sleepcap (D:8)
  3 iguanas
  4 orc wizards
  A hell rat (Sewer)
  A crocodile zombie (Ossuary)
  2 mummies (Ossuary)
  3 adders
  7 gnolls
  A river rat (Sewer)
  2 white imps
  2 ufetubi (D:5)
  6 adder zombies (Ossuary)
  A dart slug (D:4)
  18 orcs
  4 bats
  2 endoplasms
  A giant cockroach (D:3)
  A goblin (D:3)
  A hobgoblin (D:4)
  9 jackals
  A quokka (D:1)
  2 ball pythons
  2 frilled lizards (D:3)
  4 gnoll zombies (Ossuary)
  2 goblin zombies (D:5)
  8 jackal zombies (Ossuary)
  14 kobolds
  18 orc zombies
  7 rats
204 creatures vanquished.

Vanquished Creatures (others)
  A kobold demonologist (D:10)
  A kobold zombie (D:10)
  A jackal zombie (D:10)
  An orc zombie (D:10)
4 creatures vanquished.

Grand Total: 208 creatures vanquished

Notes
Turn   | Place    | Note
-------+----------+-------------------------------------------
     0 | D:1      | Flugslaktarn the Octopode Alchemist began the quest for the
                  | Orb.
     0 | D:1      | Reached XP level 1. HP: 11/11 MP: 3/3
    46 | D:1      | Reached XP level 2. HP: 4/17 MP: 1/5
   253 | D:3      | Found a faded altar of an unknown god.
   261 | D:3      | Found a burning altar of Makhleb.
   463 | D:3      | Found a glowing drain.
   470 | D:3      | Reached XP level 3. HP: 16/21 MP: 3/6
   484 | Sewer    | Entered a sewer
   589 | Sewer    | Reached XP level 4. HP: 27/27 MP: 2/8
   839 | D:4      | Noticed a black bear
   844 | D:4      | Found a staircase to the Ecumenical Temple.
   849 | Temple   | Entered the Ecumenical Temple
   865 | Temple   | Became a worshipper of Kikubaaqudgha
   901 | D:4      | Learned a level 4 spell: Olgreb's Toxic Radiance
   904 | D:4      | Found a hide-covered altar of Uskayaw.
   904 | D:4      | Noticed a +0 hand axe
   904 | D:4      | Noticed a +0 dagger
   932 | D:4      | Reached skill level 5 in Alchemy
   990 | D:4      | Found Yraumaid's Jewellery Shop.
   996 | D:4      | Noticed a scorpion
  1067 | D:4      | Reached XP level 5. HP: 31/31 MP: 3/9
  1194 | D:4      | Killed a black bear
  1195 | D:4      | Reached XP level 6. HP: 36/36 MP: 1/11
  1227 | D:5      | Entered Level 5 of the Dungeon
  1259 | D:5      | Found a sand-covered staircase.
  1276 | Ossuary  | Entered an ossuary
  1288 | Ossuary  | Reached * piety under Kikubaaqudgha
  1288 | Ossuary  | Received a gift from Kikubaaqudgha
  1317 | Ossuary  | Reached XP level 7. HP: 18/41 MP: 4/13
  1407 | Ossuary  | Learned a level 4 spell: Sticky Flame
  1598 | Ossuary  | Reached skill level 1 in Fire Magic
  2002 | Ossuary  | Reached ** piety under Kikubaaqudgha
  2003 | Ossuary  | Reached XP level 8. HP: 24/42 MP: 15/15
  2540 | D:6      | Reached skill level 5 in Spellcasting
  2568 | D:6      | Noticed Sigmund
  2753 | D:6      | Reached skill level 1 in Necromancy
  2879 | D:6      | Reached skill level 2 in Necromancy
  2944 | D:6      | Reached skill level 3 in Necromancy
  3023 | D:6      | Noticed Pikel
  3045 | D:6      | Killed Pikel
  3046 | D:6      | Reached skill level 5 in Necromancy
  3046 | D:6      | Reached XP level 9. HP: 38/51 MP: 5/18
  3090 | D:6      | Found a glowing silver altar of Zin.
  3090 | D:6      | Noticed an angel
  3267 | D:7      | Reached skill level 6 in Necromancy
  3654 | D:7      | Found a broken altar of Ashenzari.
  3703 | D:7      | Reached *** piety under Kikubaaqudgha
  3703 | D:7      | Received a gift from Kikubaaqudgha
  3890 | D:8      | Reached skill level 7 in Necromancy
  4586 | D:8      | Learned a level 4 spell: Animate Dead
  4592 | D:8      | Learned a level 5 spell: Borgnjor's Vile Clutch
  4597 | D:8      | Learned a level 4 spell: Ignite Poison
  4663 | D:9      | Noticed a two-headed ogre
  4669 | D:9      | Killed a two-headed ogre
  4670 | D:9      | Reached skill level 8 in Necromancy
  4670 | D:9      | Reached XP level 10. HP: 56/56 MP: 7/21
  4670 | D:9      | Noticed Maggie
  4751 | D:9      | Found a flagged portal.
  4761 | Bailey   | Entered a bailey
  5040 | Bailey   | Reached skill level 9 in Necromancy
  5188 | Bailey   | Reached **** piety under Kikubaaqudgha
  5299 | Bailey   | Noticed a gargoyle
  5319 | Bailey   | Killed a gargoyle
  5465 | Bailey   | Found the +2 cloak of the Thief {*Fog Slay-2 SInv Stlth+}
  5492 | Bailey   | Reached skill level 1 in Earth Magic
  6038 | D:10     | Entered Level 10 of the Dungeon
  6146 | D:10     | You fall into a shaft and drop 2 floors!
  6174 | D:12     | Found Wiqerchi's Book Shop.
  6183 | D:12     | Noticed an unseen horror
  6185 | D:12     | Killed an unseen horror
  6382 | D:12     | Noticed a boulder beetle
  6393 | D:12     | Killed a boulder beetle
  6394 | D:12     | Reached skill level 10 in Necromancy
  6435 | D:10     | Noticed a two-headed ogre
  6574 | D:11     | Reached XP level 11. HP: 61/61 MP: 10/24
  6620 | D:11     | HP: 1/61 [something (10)]
  6620 | D:11     | Slain by an unseen horror

Illustrated notes

Levels and vault maps discovered:
D:1:      onia_arrival_mini_spirals, layout_loops_cross
D:2:      layout_basic, uniq_jessica
D:3:      layout_loops_ring, amcnicky_altar_gilded, basic_ecumenical_altar,
          mainiacjoe_sewer_entry_somewhere_in_here_1, kennysheep_generic_room_6
D:4:      minmay_general_purpose_star, layout_basic, dancing_weapons_uskayaw,
          minmay_temple_entry_ruins, serial_shops, shop, due_unseen_surprise
D:5:      layout_loops_ring, enter_ossuary_4, serial_co_window_serial,
          co_window_of_opportunity_a, co_window_paths_a, co_window_corner_a,
          co_window_cross_1, co_window_paths_a, co_window_corner_b,
          co_window_unsneaky_path_a, co_window_broadway_a, co_window_broadway_b,
          co_window_broadway_b, glass_columns_a, glass_columns_c,
          glass_columns_a
D:6:      layout_basic, zin_angel, led_sif_pool, uniq_eustachio, uniq_sigmund,
          uniq_pikel
D:7:      layout_basic, mainiacjoe_overflow_24_doors
D:8:      layout_loops_corners
D:9:      layout_loops_corners, tso_altar, enter_bailey_8, uniq_gastronok,
          uniq_maggie
D:10:     minmay_the_grid_octo_2x2 [minmay_the_grid_octo_concentric,
          minmay_the_grid_octo_focus, minmay_the_grid_octo_clover_2,
          minmay_the_grid_octo_prize_big_c], layout_rooms, orc_0_dummy
D:11:     layout_roguey, grunt_lair_entry_orc_guard_hut
D:12:     layout_basic, serial_shops, shop_fountains, uniq_erolcha, uniq_sonja
Temple:   eino_temple_rhombus

Skill      XL: |  1  2  3  4  5  6  7  8  9 10 11 |
---------------+----------------------------------+-----
Alchemy        | 4 5 6 7 8 |  8.0
Spellcasting   | 3 4 6 7 9 |  9.3
Fire Magic     | 2 4 |  4.0
Necromancy     | 5 8 10 | 10.0
Earth Magic    | 3 4 |  4.7
Fighting       | |  0.1
Dodging        | |  2.0
Stealth        | |  2.8
Conjurations   | |  1.0

Action                     |  1- 3 |  4- 6 |  7- 9 | 10-12 || total
---------------------------+-------+-------+-------+-------++-------
  Melee: Unarmed           |     9 |       |       |       ||     9
         Constrict         |     8 |     9 |    35 |    17 ||    69
         Tentacles         |     5 |     8 |    48 |    29 ||    90
         Dagger            |    19 |    37 |   202 |    84 ||   342
         Punch             |       |       |     4 |       ||     4
   Cast: Sting             |    29 |    20 |    24 |     3 ||    76
         Olgreb's Toxic Ra |       |     6 |    29 |    14 ||    49
         Sticky Flame      |       |       |     3 |    17 ||    20
         Ignite Poison     |       |       |     1 |     3 ||     4
         Borgnjor's Vile C |       |       |       |     3 ||     3
         Animate Dead      |       |       |       |     1 ||     1
 Invoke: Unearth Wretches  |       |       |       |     2 ||     2
  Evoke: Wand              |       |       |       |     6 ||     6
    Use: Scroll            |       |    10 |     5 |     3 ||    18
         Potion            |       |     2 |     2 |     3 ||     7
   Stab: Sleeping          |     1 |     3 |     3 |     5 ||    12
         Paralysed         |       |       |       |     4 ||     4
 Armour: Skin              |    22 |    27 |   107 |    89 ||   245
  Dodge: Dodged            |    20 |    21 |    98 |    87 ||   226
  Block: Other             |     1 |     9 |    26 |    31 ||    67

Table legend: (Time is in decaauts)
 A = Elapsed time spent in this place.
 B = Non-inter-level travel time spent in this place.
 C = Inter-level travel time spent in this place.
 D = Time resting spent in this place.
 E = Time spent auto-exploring this place.
 F = Levels seen in this place.
 G = Mean time per level.
                   A        B        C        D        E       F      G
               +--------+--------+--------+--------+--------+-----+--------+
         Total |   6615 |   6314 |    301 |   1140 |   3015 |  16 |  413.4 |
       Dungeon |   4681 |   4410 |    271 |     90 |   2864 |  12 |  390.1 |
        Temple |     32 |      2 |     30 |      0 |      0 |   1 |   32.0 |
         Sewer |    125 |    125 |      0 |     46 |     27 |   1 |  125.0 |
       Ossuary |    873 |    873 |      0 |    503 |     29 |   1 |  873.0 |
        Bailey |    901 |    901 |      0 |    501 |     95 |   1 |  901.0 |
               +--------+--------+--------+--------+--------+-----+--------+

Top non-repeatable levels by time:
  Bailey: 901 daAuts
 Ossuary: 873 daAuts
     D:8: 822 daAuts
     D:7: 710 daAuts
     D:9: 533 daAuts
     D:3: 503 daAuts
     D:6: 496 daAuts
     D:5: 493 daAuts
     D:4: 369 daAuts
    D:12: 280 daAuts
    D:11: 186 daAuts
   Sewer: 125 daAuts
     D:2: 112 daAuts
     D:1: 88 daAuts
    D:10: 84 daAuts
